Avalanche vs Blue Jackets
Created - 2 janvier 2014 at 18:59
Goals
|
| Avalanche |
0 |
0 |
2 |
2 |
| Blue Jackets |
2 |
2 |
0 |
4 |
|
Shots
|
| Avalanche |
6 |
11 |
10 |
27 |
| Blue Jackets |
14 |
16 |
5 |
35 |
|
1st period
1. Blue Jackets , A.J Thelen 2 (Adam Deadmarsh, Dave Steckel) at 9:50
2. Blue Jackets , Pavel Bure 10 (Marc Savard, Wade Redden) at 15:14 (PP)
Penalties :
Dave Tanabe (Col) for Delaying the game (Minor) at 6:03, Rostislav Olesz (Col) for Cross-checking (Minor) at 15:04, Oleg Kvasha (Col) for Roughing (Minor) at 19:35
2nd period
3. Blue Jackets , Kevin Bieksa 2 (Pavel Bure) at 2:50 (PP)
4. Blue Jackets , Branislav Mezei 2 (Pavel Bure, David Booth) at 16:21 (PP)
Penalties :
Andrew Ladd (Col) for Hooking (Minor) at 2:39, Dave Steckel (Clb) for Tripping (Minor) at 8:24, Dave Tanabe (Col) for Hooking (Minor) at 12:00, Bryan Little (Col) for Hooking (Minor) at 15:31
3rd period
5. Avalanche , Oleg Kvasha 14 (Jason Pominville, Ryan Smyth) at 1:31
6. Avalanche , Corey Perry 12 (Brian Campbell, Rostislav Olesz) at 19:53 (PP)
Penalties :
Marc Savard (Clb) for Hooking (Minor) at 2:59, Bryan Little (Col) for Hooking (Minor) at 7:00, Bryan Little (Col) for Hooking (Minor) at 11:15, Marcus Nilson (Clb) for Hooking (Minor) at 11:49, David Booth (Clb) for Tripping (Minor) at 12:37, Maxim Talbot (Col) for Holding (Minor) at 14:41, Andrew Ebbett (Clb) for Roughing (Minor) at 19:16
Goalie Stats
Marty Turco (Col), 31 saves from 35 shots - (0,886), L, 11-10-2, 60:00 minutes
Miika Kiprusoff (Clb), 25 saves from 27 shots - (0,926), W, 13-11-2, 60:00 minutes
Players Stats for Avalanche
Player Name G A P +/- PIM S H SB GA TA FO MP PP MP PK MP
------------------------------------------------------------------------------------
Andrew Ladd 0 0 0 0 2 1 1 1 0 0 0/0 12:34 0:05 4:18
Brian Campbell 0 1 1 0 0 1 1 0 2 0 0/0 20:21 3:30 0:52
Bryan Little 0 0 0 -1 6 1 1 0 1 0 3/7 12:35 2:48 1:43
Chuck Kobasew 0 0 0 0 0 0 1 0 0 0 0/0 14:57 0:03 6:56
Corey Perry 1 0 1 0 0 2 1 0 0 0 0/0 13:35 2:43 0:00
Dave Tanabe 0 0 0 0 4 1 1 2 0 1 0/0 17:24 2:27 0:00
Drew Doughty 0 0 0 0 0 0 2 1 1 1 0/0 20:51 3:25 2:59
Jack Johnson 0 0 0 0 0 1 0 1 0 2 0/0 20:09 2:27 3:51
Jason Pominville 0 1 1 1 0 5 3 3 0 0 0/2 18:10 3:06 0:00
Marc Staal 0 0 0 0 0 0 2 1 2 0 0/0 21:21 0:05 7:49
Matt Moulson 0 0 0 -1 0 1 0 0 0 0 0/0 8:41 0:03 0:33
Maxim Talbot 0 0 0 0 2 3 0 0 0 0 1/4 10:16 0:00 2:37
Mike Comrie 0 0 0 0 0 4 1 0 0 1 13/23 18:06 0:05 6:54
Oleg Kvasha 1 0 1 1 2 3 4 0 1 0 9/27 19:04 3:06 0:19
Richard Zednik 0 0 0 -1 0 1 0 0 0 0 1/1 7:39 0:03 0:00
Rostislav Olesz 0 1 1 0 2 1 1 0 1 0 0/0 13:21 2:43 0:00
Ryan Smyth 0 1 1 1 0 1 1 0 0 1 1/2 17:03 3:06 0:00
Shane O'Brien 0 0 0 0 0 1 0 3 0 0 0/0 20:39 0:00 7:49
Players Stats for Blue Jackets
Player Name G A P +/- PIM S H SB GA TA FO MP PP MP PK MP
------------------------------------------------------------------------------------
A.J Thelen 1 0 1 0 0 1 0 0 0 1 0/0 9:16 0:00 0:00
Adam Deadmarsh 0 1 1 1 0 2 1 0 0 0 0/0 6:10 0:00 0:00
Andrew Ebbett 0 0 0 0 2 2 0 0 0 0 4/7 11:06 0:09 0:54
Blake Wheeler 0 0 0 0 0 1 0 0 0 0 1/2 16:26 4:38 0:00
Branislav Mezei 1 0 1 0 0 4 1 0 0 0 0/0 26:49 7:45 1:53
Dave Steckel 0 1 1 1 2 1 2 0 0 1 2/3 6:30 0:00 0:00
David Booth 0 1 1 -1 2 4 1 1 0 0 0/1 21:38 6:53 1:38
Derek Morris 0 0 0 0 0 0 2 1 0 1 0/0 20:13 3:55 1:53
Jan Bulis 0 0 0 0 0 3 4 1 2 1 7/13 17:18 4:38 0:42
Jason Ward 0 0 0 0 0 1 1 0 0 0 2/2 11:47 0:00 2:07
Kevin Bieksa 1 0 1 0 0 3 1 4 0 1 0/0 24:00 3:55 4:41
Ladislav Nagy 0 0 0 0 0 4 0 0 0 0 0/0 10:07 0:00 0:06
Marc Savard 0 1 1 -1 2 4 4 3 0 2 19/33 23:17 7:02 2:39
Marcus Nilson 0 0 0 0 2 0 0 0 0 0 2/3 16:28 4:37 0:03
Pavel Bure 1 2 3 -1 0 3 4 0 3 0 1/2 24:25 7:02 3:48
Shaone Morrisonn 0 0 0 0 0 0 2 0 0 0 0/0 9:11 0:00 0:00
Tomas Kurka 0 0 0 1 0 0 1 0 0 0 0/0 6:10 0:00 0:00
Wade Redden 0 1 1 0 0 2 2 2 1 1 0/0 30:31 7:45 4:41
3 Stars
1 - Pavel Bure (Clb)
2 - Oleg Kvasha (Col)
3 - Kevin Bieksa (Clb)
Power Play
Avalanche - 1 on 5 Attempt(s) - 20,00%
Blue Jackets - 3 on 9 Attempt(s) - 33,33%
Penalty Kill
Avalanche - 6 on 9 Attempt(s) - 66,67%
- Score 0 goal in Penalty Kill
Blue Jackets - 4 on 5 Attempt(s) - 80,00%
- Score 0 goal in Penalty Kill
Official
Referees : McCreary Bill and Rooney Chris
Linesman : Lyle Seitz and David Brisebois
Game Notes
No Game Note
Finance
Level 1 -- Attendance: 4069 (67,82%) -- Ticket Income 366 210 $
Level 2 -- Attendance: 3969 (79,38%) -- Ticket Income 218 295 $
Level 3 -- Attendance: 1824 (91,20%) -- Ticket Income 54 720 $
Level 4 -- Attendance: 3810 (95,25%) -- Ticket Income 76 200 $
Luxury Box -- Attendance: 658 (65,80%) -- Ticket Income 121 730 $
Game was played at the Ohio State Arena
Total Attendance: 14330 (79,61%)
Total Ticket Income: 837 155 $
Other Income: 125 573 $
Total Income: 962 728 $
Avalanche
5 vs 5 Forward
Center Left Wing Right Wing Time % Phy DF OF
1 Oleg Kvasha Ryan Smyth Jason Pominville 40 1 2 2
2 Mike Comrie Rostislav Olesz Corey Perry 30 1 2 2
3 Maxim Talbot Andrew Ladd Chuck Kobasew 15 2 2 1
4 Bryan Little Matt Moulson Richard Zednik 15 0 2 3
5 vs 5 Defense
Defense Defense Time % Phy DF OF
1 Jack Johnson Brian Campbell 35 1 2 2
2 Drew Doughty Marc Staal 33 1 2 2
3 Dave Tanabe Shane O'Brien 32 1 2 2
4 Marc Staal Brian Campbell 0 1 2 2
PowerPlay Forward
Center Left Wing Right Wing Time % Phy DF OF
1 Oleg Kvasha Ryan Smyth Jason Pominville 60 1 2 2
2 Bryan Little Rostislav Olesz Corey Perry 40 1 2 2
PowerPlay Defense
Defense Defense Time % Phy DF OF
1 Drew Doughty Brian Campbell 60 1 2 2
2 Jack Johnson Dave Tanabe 40 1 2 2
Penalty Kill 4 Players Forward
Center Wing Time % Phy DF OF
1 Mike Comrie Chuck Kobasew 60 1 2 2
2 Maxim Talbot Andrew Ladd 40 1 2 2
Penalty Kill 4 Players Defense
Defense Defense Time % Phy DF OF
1 Marc Staal Shane O'Brien 60 1 2 2
2 Jack Johnson Drew Doughty 40 1 2 2
Penalty Kill - 3 Players Forward
Forward Time % Phy DF OF
1 Mike Comrie 60 1 2 2
2 Jason Pominville 40 1 2 2
Penalty Kill - 3 Players Defense
Defense Defense Time % Phy DF OF
1 Marc Staal Drew Doughty 60 1 2 2
2 Jack Johnson Shane O'Brien 40 1 2 2
4 vs 4 Forward
Center Wing Time % Phy DF OF
1 Oleg Kvasha Jason Pominville 60 1 2 2
2 Mike Comrie Corey Perry 40 1 2 2
4 vs 4 Defense
Defense Defense Time % Phy DF OF
1 Marc Staal Brian Campbell 60 1 2 2
2 Jack Johnson Dave Tanabe 40 1 2 2
Last Minutes Offensive
Center Left Wing Right Wing Defense Defense
Oleg Kvasha Ryan Smyth Jason Pominville Drew Doughty Brian Campbell
Last Minutes Defensive
Center Left Wing Right Wing Defense Defense
Mike Comrie Ryan Smyth Jason Pominville Marc Staal Jack Johnson
Goaltenders
Starting : Marty Turco
Backup : Patrick Lalime
Extra Forwards
Normal : Jason Pominville, Mike Comrie, Andrew Ladd - PP : Richard Zednik, Matt Moulson - PK : Andrew Ladd
Extra Defensemen
Normal : Marc Staal, Drew Doughty, Jack Johnson - PP : Drew Doughty - PK : Drew Doughty, Jack Johnson
Penalty Shots
Bryan Little, Jason Pominville, Corey Perry, Mike Comrie, Oleg Kvasha
Blue Jackets
5 vs 5 Forward
Center Left Wing Right Wing Time % Phy DF OF
1 Marc Savard David Booth Pavel Bure 40 1 2 2
2 Jan Bulis Marcus Nilson Blake Wheeler 30 1 2 2
3 Andrew Ebbett Ladislav Nagy Jason Ward 20 1 2 2
4 Dave Steckel Tomas Kurka Adam Deadmarsh 10 1 2 2
5 vs 5 Defense
Defense Defense Time % Phy DF OF
1 Wade Redden Branislav Mezei 40 1 2 2
2 Kevin Bieksa Derek Morris 30 1 2 2
3 Shaone Morrisonn A.J Thelen 20 1 2 2
4 Wade Redden Kevin Bieksa 10 1 2 2
PowerPlay Forward
Center Left Wing Right Wing Time % Phy DF OF
1 Marc Savard David Booth Pavel Bure 60 1 2 2
2 Jan Bulis Marcus Nilson Blake Wheeler 40 1 2 2
PowerPlay Defense
Defense Defense Time % Phy DF OF
1 Wade Redden Branislav Mezei 60 1 2 2
2 Kevin Bieksa Derek Morris 40 1 2 2
Penalty Kill 4 Players Forward
Center Wing Time % Phy DF OF
1 Marc Savard Pavel Bure 60 1 2 2
2 Jan Bulis David Booth 40 1 2 2
Penalty Kill 4 Players Defense
Defense Defense Time % Phy DF OF
1 Wade Redden Kevin Bieksa 60 1 2 2
2 Branislav Mezei Derek Morris 40 1 2 2
Penalty Kill - 3 Players Forward
Forward Time % Phy DF OF
1 Marc Savard 60 1 2 2
2 Pavel Bure 40 1 2 2
Penalty Kill - 3 Players Defense
Defense Defense Time % Phy DF OF
1 Wade Redden Kevin Bieksa 60 1 2 2
2 Branislav Mezei Derek Morris 40 1 2 2
4 vs 4 Forward
Center Wing Time % Phy DF OF
1 Marc Savard Pavel Bure 60 1 2 2
2 Jan Bulis David Booth 40 1 2 2
4 vs 4 Defense
Defense Defense Time % Phy DF OF
1 Wade Redden Kevin Bieksa 60 1 2 2
2 Branislav Mezei Derek Morris 40 1 2 2
Last Minutes Offensive
Center Left Wing Right Wing Defense Defense
Marc Savard David Booth Pavel Bure Wade Redden Kevin Bieksa
Last Minutes Defensive
Center Left Wing Right Wing Defense Defense
Marc Savard David Booth Pavel Bure Wade Redden Kevin Bieksa
Goaltenders
Starting : Miika Kiprusoff
Backup : Jaroslav Halak
Extra Forwards
Normal : Andrew Ebbett, Ladislav Nagy, Jason Ward - PP : Andrew Ebbett, Ladislav Nagy - PK : Jason Ward
Extra Defensemen
Normal : Shaone Morrisonn, A.J Thelen, Branislav Mezei - PP : Shaone Morrisonn - PK : A.J Thelen, Branislav Mezei
Penalty Shots
Marc Savard, Pavel Bure, Jan Bulis, David Booth, Marcus Nilson
% Time on Ice - Avalanche
Lines # - Real PCT - Wanted PCT - Time Play
Normal Forward
1 - 38% - 40% - 15:38
2 - 26% - 30% - 10:39
3 - 18% - 15% - 7:23
4 - 18% - 15% - 7:18
Normal Defense
1 - 35% - 35% - 14:22
2 - 32% - 33% - 13:14
3 - 31% - 32% - 12:33
4 - 2% - 0% - 0:49
PP Forward
1 - 54% - 60% - 3:14
2 - 46% - 40% - 2:43
PP Defense
1 - 59% - 60% - 3:30
2 - 41% - 40% - 2:27
PK Forward
1 - 70% - 60% - 8:10
2 - 30% - 40% - 3:30
PK Defense
1 - 67% - 60% - 7:49
2 - 33% - 40% - 3:51
PK3 Forward
1 - 0% - 60%
2 - 0% - 40%
PK3 Defense
1 - 0% - 60%
2 - 0% - 40%
44 Forward
1 - 85% - 60% - 1:12
2 - 15% - 40% - 0:13
44 Defense
1 - 76% - 60% - 1:05
2 - 24% - 40% - 0:20
Last Minute Offensive - 0:00
Last Minute Defensive - 0:00
Total
Forward - 60:00
Defense - 60:00
|
% Time on Ice - Blue Jackets
Lines # - Real PCT - Wanted PCT - Time Play
Normal Forward
1 - 33% - 40% - 13:20
2 - 29% - 30% - 11:48
3 - 24% - 20% - 9:40
4 - 15% - 10% - 6:10
Normal Defense
1 - 40% - 40% - 16:32
2 - 35% - 30% - 14:15
3 - 22% - 20% - 9:11
4 - 2% - 10% - 1:00
PP Forward
1 - 60% - 60% - 7:02
2 - 40% - 40% - 4:38
PP Defense
1 - 66% - 60% - 7:45
2 - 34% - 40% - 3:55
PK Forward
1 - 86% - 60% - 4:38
2 - 14% - 40% - 0:45
PK Defense
1 - 77% - 60% - 4:10
2 - 23% - 40% - 1:13
PK3 Forward
1 - 72% - 60% - 0:51
2 - 28% - 40% - 0:20
PK3 Defense
1 - 44% - 60% - 0:31
2 - 56% - 40% - 0:40
44 Forward
1 - 79% - 60% - 0:38
2 - 21% - 40% - 0:10
44 Defense
1 - 79% - 60% - 0:38
2 - 21% - 40% - 0:10
Last Minute Offensive - 0:00
Last Minute Defensive - 0:00
Total
Forward - 60:00
Defense - 60:00
|
Play by Play
1st period
0:01 of 1st period - Marc Savard wins face-off versus Ryan Smyth in neutral zone.
1:53 of 1st period - Snap shot by Pavel Bure.
1:53 of 1st period - Deflect By Marc Savard.
1:53 of 1st period - Shot Misses the Net.
1:53 of 1st period - Puck is out of play.
1:54 of 1st period - Marc Savard wins face-off versus Mike Comrie in Avalanche zone.
3:00 of 1st period - Off-side.
3:01 of 1st period - Bryan Little wins face-off versus Andrew Ebbett in neutral zone.
3:12 of 1st period - Wrist shot by Matt Moulson.
3:12 of 1st period - Shot Misses the Net.
3:26 of 1st period - Wade Redden is hit by Jason Pominville and loses puck.
3:49 of 1st period - Rostislav Olesz is hit by David Booth and loses puck.
4:08 of 1st period - Snap shot by Wade Redden.
4:08 of 1st period - Deflect By Adam Deadmarsh.
4:08 of 1st period - Stopped by Marty Turco with a rebound.
4:10 of 1st period - Snap shot by Tomas Kurka.
4:10 of 1st period - Shot Misses the Net.
4:54 of 1st period - Slapshot by Pavel Bure.
4:54 of 1st period - Shot Misses the Net.
4:56 of 1st period - Slapshot by Branislav Mezei.
4:56 of 1st period - Stopped by Marty Turco without a rebound.
4:57 of 1st period - Marcus Nilson wins face-off versus Mike Comrie in Avalanche zone.
5:00 of 1st period - Snap shot by Marcus Nilson.
5:00 of 1st period - Deflect By Jan Bulis.
5:00 of 1st period - Shot Misses the Net.
5:00 of 1st period - Puck is out of play.
5:01 of 1st period - Mike Comrie wins face-off versus Marcus Nilson in Avalanche zone.
5:16 of 1st period - Snap shot by Rostislav Olesz.
5:16 of 1st period - Stopped by Miika Kiprusoff without a rebound.
5:17 of 1st period - Marc Savard wins face-off versus Oleg Kvasha in Blue Jackets zone.
5:22 of 1st period - Backhand shot by Marc Savard.
5:22 of 1st period - Shot Blocked by Jason Pominville.
6:03 of 1st period - Minor Penalty to Dave Tanabe for Delaying the game.
6:04 of 1st period - Mike Comrie wins face-off versus Marc Savard in Avalanche zone.
8:03 of 1st period - Penalty to Dave Tanabe is over, Dave Tanabe is back on ice.
8:06 of 1st period - Wade Redden is hit by Bryan Little.
8:22 of 1st period - Snap shot by Jason Ward.
8:22 of 1st period - Shot Misses the Net.
9:42 of 1st period - Icing by Shaone Morrisonn.
9:43 of 1st period - Dave Steckel wins face-off versus Bryan Little in Blue Jackets zone.
9:48 of 1st period - Wrist shot by Adam Deadmarsh.
9:48 of 1st period - Shot Misses the Net.
9:50 of 1st period - Slapshot by A.J Thelen.
9:50 of 1st period - Goal by A.J Thelen - Avalanche : 0 - Blue Jackets : 1.
9:51 of 1st period - Marc Savard wins face-off versus Mike Comrie in neutral zone.
10:21 of 1st period - Wrist shot by Chuck Kobasew.
10:21 of 1st period - Shot Blocked by David Booth.
10:23 of 1st period - Slapshot by Maxim Talbot.
10:23 of 1st period - Shot Blocked by Derek Morris.
10:25 of 1st period - Wrist shot by Andrew Ladd.
10:25 of 1st period - Shot Misses the Net.
11:05 of 1st period - Snap shot by Marc Savard.
11:05 of 1st period - Stopped by Marty Turco without a rebound.
11:06 of 1st period - Oleg Kvasha wins face-off versus Jan Bulis in Avalanche zone.
11:11 of 1st period - Snap shot by Jason Pominville.
11:11 of 1st period - Shot Misses the Net.
11:40 of 1st period - Wrist shot by Corey Perry.
11:40 of 1st period - Stopped by Miika Kiprusoff with a rebound.
11:57 of 1st period - Slapshot by Wade Redden.
11:57 of 1st period - Stopped by Marty Turco without a rebound.
11:58 of 1st period - Dave Steckel wins face-off versus Maxim Talbot in Avalanche zone.
12:21 of 1st period - Off-side.
12:22 of 1st period - Oleg Kvasha wins face-off versus Jan Bulis in neutral zone.
12:35 of 1st period - Snap shot by Jason Pominville.
12:35 of 1st period - Stopped by Miika Kiprusoff with a rebound.
12:37 of 1st period - Wrist shot by Drew Doughty.
12:37 of 1st period - Shot Blocked by Jan Bulis.
12:52 of 1st period - Snap shot by Marc Savard.
12:52 of 1st period - Stopped by Marty Turco with a rebound.
12:54 of 1st period - Wrist shot by David Booth.
12:54 of 1st period - Stopped by Marty Turco without a rebound.
12:55 of 1st period - Marc Savard wins face-off versus Oleg Kvasha in Avalanche zone.
12:56 of 1st period - Snap shot by David Booth.
12:56 of 1st period - Stopped by Marty Turco with a rebound.
12:58 of 1st period - Wrist shot by Pavel Bure.
12:58 of 1st period - Shot Blocked by Jason Pominville.
13:24 of 1st period - Marcus Nilson is hit by Rostislav Olesz and loses puck.
13:31 of 1st period - Jack Johnson is hit by Jan Bulis.
14:13 of 1st period - Wrist shot by Ladislav Nagy.
14:13 of 1st period - Shot Blocked by Shane O'Brien.
14:15 of 1st period - Slapshot by Branislav Mezei.
14:15 of 1st period - Stopped by Marty Turco with a rebound.
14:21 of 1st period - Wrist shot by Ladislav Nagy.
14:21 of 1st period - Stopped by Marty Turco with a rebound.
14:23 of 1st period - Slapshot by Wade Redden.
14:23 of 1st period - Shot Misses the Net.
14:41 of 1st period - Snap shot by Ladislav Nagy.
14:41 of 1st period - Deflect By Jason Ward.
14:41 of 1st period - Shot Blocked by Andrew Ladd.
14:41 of 1st period - Puck is out of play.
14:42 of 1st period - Marc Savard wins face-off versus Oleg Kvasha in Avalanche zone.
15:04 of 1st period - Minor Penalty to Rostislav Olesz for Cross-checking.
15:05 of 1st period - Mike Comrie wins face-off versus Marc Savard in Avalanche zone.
15:14 of 1st period - Slapshot by Pavel Bure.
15:14 of 1st period - Goal by Pavel Bure - Avalanche : 0 - Blue Jackets : 2.
15:15 of 1st period - Jan Bulis wins face-off versus Mike Comrie in neutral zone.
15:40 of 1st period - Kevin Bieksa is hit by Marc Staal and loses puck.
16:05 of 1st period - Wrist shot by Ladislav Nagy.
16:05 of 1st period - Stopped by Marty Turco without a rebound.
16:06 of 1st period - Andrew Ebbett wins face-off versus Bryan Little in Avalanche zone.
16:21 of 1st period - Slapshot by Bryan Little.
16:21 of 1st period - Deflect By Richard Zednik.
16:21 of 1st period - Stopped by Miika Kiprusoff with a rebound.
16:31 of 1st period - Dave Tanabe is hit by Branislav Mezei and loses puck.
17:05 of 1st period - Wrist shot by Maxim Talbot.
17:05 of 1st period - Stopped by Miika Kiprusoff with a rebound.
17:07 of 1st period - Snap shot by Maxim Talbot.
17:07 of 1st period - Stopped by Miika Kiprusoff without a rebound.
17:08 of 1st period - Jan Bulis wins face-off versus Mike Comrie in Blue Jackets zone.
17:08 of 1st period - Jan Bulis is hit by Corey Perry.
17:59 of 1st period - Jack Johnson is hit by Dave Steckel and loses puck.
18:18 of 1st period - Off-side.
18:19 of 1st period - Jan Bulis wins face-off versus Oleg Kvasha in neutral zone.
19:21 of 1st period - Mike Comrie is hit by Marc Savard and loses puck.
19:35 of 1st period - Minor Penalty to Oleg Kvasha for Roughing.
19:36 of 1st period - Mike Comrie wins face-off versus Marc Savard in Avalanche zone.
19:41 of 1st period - Slapshot by Marc Savard.
19:41 of 1st period - Shot Misses the Net.
19:43 of 1st period - Slapshot by Pavel Bure.
19:43 of 1st period - Stopped by Marty Turco with a rebound.
19:45 of 1st period - Snap shot by Pavel Bure.
19:45 of 1st period - Shot Misses the Net.
19:47 of 1st period - Slapshot by David Booth.
19:47 of 1st period - Shot Blocked by Shane O'Brien.
19:49 of 1st period - Snap shot by Marc Savard.
19:49 of 1st period - Shot Misses the Net.
19:51 of 1st period - Snap shot by Marc Savard.
19:51 of 1st period - Stopped by Marty Turco with a rebound.
2nd period
0:01 of 2nd period - Mike Comrie wins face-off versus Marc Savard in neutral zone.
0:16 of 2nd period - Slapshot by Mike Comrie.
0:16 of 2nd period - Shot Misses the Net.
0:26 of 2nd period - Mike Comrie is hit by Jan Bulis.
1:35 of 2nd period - Penalty to Oleg Kvasha is over, Oleg Kvasha is back on ice.
1:42 of 2nd period - Wade Redden is hit by Oleg Kvasha and loses puck.
2:17 of 2nd period - Shaone Morrisonn is hit by Oleg Kvasha and loses puck.
2:26 of 2nd period - Slapshot by Kevin Bieksa.
2:26 of 2nd period - Stopped by Marty Turco with a rebound.
2:39 of 2nd period - Minor Penalty to Andrew Ladd for Hooking.
2:40 of 2nd period - Mike Comrie wins face-off versus Pavel Bure in Avalanche zone.
2:40 of 2nd period - Mike Comrie is hit by Marc Savard.
2:50 of 2nd period - Slapshot by Kevin Bieksa.
2:50 of 2nd period - Goal by Kevin Bieksa - Avalanche : 0 - Blue Jackets : 3.
2:51 of 2nd period - Mike Comrie wins face-off versus Marc Savard in neutral zone.
2:54 of 2nd period - Marc Savard is hit by Drew Doughty and loses puck.
3:05 of 2nd period - Slapshot by David Booth.
3:05 of 2nd period - Deflect By Marc Savard.
3:05 of 2nd period - Shot Misses the Net.
3:05 of 2nd period - Puck is out of play.
3:06 of 2nd period - Jan Bulis wins face-off versus Oleg Kvasha in Avalanche zone.
3:09 of 2nd period - Wrist shot by Marcus Nilson.
3:09 of 2nd period - Shot Misses the Net.
3:11 of 2nd period - Slapshot by Blake Wheeler.
3:11 of 2nd period - Stopped by Marty Turco with a rebound.
3:56 of 2nd period - Wrist shot by Dave Steckel.
3:56 of 2nd period - Stopped by Marty Turco with a rebound.
3:58 of 2nd period - Wrist shot by Tomas Kurka.
3:58 of 2nd period - Shot Misses the Net.
4:00 of 2nd period - Snap shot by Kevin Bieksa.
4:00 of 2nd period - Stopped by Marty Turco without a rebound.
4:01 of 2nd period - Oleg Kvasha wins face-off versus Jan Bulis in Avalanche zone.
4:10 of 2nd period - Kevin Bieksa is hit by Drew Doughty.
4:34 of 2nd period - Snap shot by Pavel Bure.
4:34 of 2nd period - Shot Misses the Net.
4:36 of 2nd period - Snap shot by David Booth.
4:36 of 2nd period - Shot Blocked by Marc Staal.
4:38 of 2nd period - Snap shot by Marc Savard.
4:38 of 2nd period - Stopped by Marty Turco with a rebound.
5:34 of 2nd period - Snap shot by David Booth.
5:34 of 2nd period - Stopped by Marty Turco with a rebound.
5:43 of 2nd period - Slapshot by Maxim Talbot.
5:43 of 2nd period - Shot Misses the Net.
5:45 of 2nd period - Snap shot by Dave Tanabe.
5:45 of 2nd period - Stopped by Miika Kiprusoff with a rebound.
5:55 of 2nd period - Wrist shot by Maxim Talbot.
5:55 of 2nd period - Stopped by Miika Kiprusoff without a rebound.
5:56 of 2nd period - Marcus Nilson wins face-off versus Jason Pominville in Blue Jackets zone.
6:07 of 2nd period - Slapshot by Jan Bulis.
6:07 of 2nd period - Stopped by Marty Turco with a rebound.
6:20 of 2nd period - Icing by Ryan Smyth.
6:21 of 2nd period - Oleg Kvasha wins face-off versus Andrew Ebbett in Avalanche zone.
6:52 of 2nd period - Slapshot by Bryan Little.
6:52 of 2nd period - Stopped by Miika Kiprusoff without a rebound.
6:53 of 2nd period - Oleg Kvasha wins face-off versus Marc Savard in Blue Jackets zone.
7:18 of 2nd period - Kevin Bieksa is hit by Mike Comrie and loses puck.
7:25 of 2nd period - Snap shot by Corey Perry.
7:25 of 2nd period - Shot Blocked by Kevin Bieksa.
7:27 of 2nd period - Wrist shot by Mike Comrie.
7:27 of 2nd period - Deflect By Jan Bulis.
7:27 of 2nd period - Stopped by Miika Kiprusoff with a rebound.
7:29 of 2nd period - Snap shot by Rostislav Olesz.
7:29 of 2nd period - Shot Blocked by Kevin Bieksa.
7:47 of 2nd period - Jason Ward is hit by Dave Tanabe and loses puck.
8:22 of 2nd period - Jack Johnson is hit by Adam Deadmarsh and loses puck.
8:24 of 2nd period - Minor Penalty to Dave Steckel for Tripping.
8:25 of 2nd period - Marc Savard wins face-off versus Oleg Kvasha in Blue Jackets zone.
8:38 of 2nd period - Snap shot by Oleg Kvasha.
8:38 of 2nd period - Shot Misses the Net.
9:47 of 2nd period - Kevin Bieksa is hit by Jason Pominville and loses puck.
9:58 of 2nd period - Rostislav Olesz is hit by Pavel Bure and loses puck.
10:05 of 2nd period - Bryan Little is hit by Pavel Bure and loses puck.
10:24 of 2nd period - Penalty to Dave Steckel is over, Dave Steckel is back on ice.
10:31 of 2nd period - Dave Tanabe is hit by Dave Steckel and loses puck.
11:09 of 2nd period - Wrist shot by Jan Bulis.
11:09 of 2nd period - Stopped by Marty Turco without a rebound.
11:10 of 2nd period - Maxim Talbot wins face-off versus Jan Bulis in Avalanche zone.
11:10 of 2nd period - Maxim Talbot is hit by Jan Bulis.
11:40 of 2nd period - Wrist shot by Matt Moulson.
11:40 of 2nd period - Stopped by Miika Kiprusoff with a rebound.
11:42 of 2nd period - Wrist shot by Shane O'Brien.
11:42 of 2nd period - Stopped by Miika Kiprusoff without a rebound.
11:43 of 2nd period - Bryan Little wins face-off versus David Booth in Blue Jackets zone.
11:44 of 2nd period - Wrist shot by Richard Zednik.
11:44 of 2nd period - Shot Misses the Net.
11:50 of 2nd period - Shane O'Brien is hit by Marc Savard and loses puck.
11:57 of 2nd period - Snap shot by Pavel Bure.
11:57 of 2nd period - Shot Misses the Net.
11:59 of 2nd period - Slapshot by Shaone Morrisonn.
11:59 of 2nd period - Shot Blocked by Dave Tanabe.
12:00 of 2nd period - Minor Penalty to Dave Tanabe for Hooking.
12:01 of 2nd period - Marc Savard wins face-off versus Mike Comrie in Avalanche zone.
12:10 of 2nd period - Snap shot by David Booth.
12:10 of 2nd period - Stopped by Marty Turco without a rebound.
12:11 of 2nd period - Marc Savard wins face-off versus Mike Comrie in Avalanche zone.
12:14 of 2nd period - Snap shot by Pavel Bure.
12:14 of 2nd period - Stopped by Marty Turco with a rebound.
12:23 of 2nd period - Wrist shot by Mike Comrie.
12:23 of 2nd period - Stopped by Miika Kiprusoff with a rebound.
12:25 of 2nd period - Wrist shot by Chuck Kobasew.
12:25 of 2nd period - Deflect By Mike Comrie.
12:25 of 2nd period - Stopped by Miika Kiprusoff without a rebound.
12:26 of 2nd period - Marc Savard wins face-off versus Mike Comrie in Blue Jackets zone.
14:00 of 2nd period - Penalty to Dave Tanabe is over, Dave Tanabe is back on ice.
14:34 of 2nd period - Snap shot by Jason Ward.
14:34 of 2nd period - Stopped by Marty Turco with a rebound.
14:36 of 2nd period - Snap shot by Ladislav Nagy.
14:36 of 2nd period - Stopped by Marty Turco without a rebound.
14:37 of 2nd period - Ryan Smyth wins face-off versus Marc Savard in Avalanche zone.
15:13 of 2nd period - Rostislav Olesz is hit by Derek Morris and loses puck.
15:31 of 2nd period - Slapshot by Andrew Ebbett.
15:31 of 2nd period - Stopped by Marty Turco without a rebound.
15:31 of 2nd period - Minor Penalty to Bryan Little for Hooking.
15:32 of 2nd period - Mike Comrie wins face-off versus Marc Savard in Avalanche zone.
15:32 of 2nd period - Mike Comrie is hit by Pavel Bure.
16:19 of 2nd period - Snap shot by Pavel Bure.
16:19 of 2nd period - Shot Misses the Net.
16:21 of 2nd period - Slapshot by Branislav Mezei.
16:21 of 2nd period - Goal by Branislav Mezei - Avalanche : 0 - Blue Jackets : 4.
16:22 of 2nd period - Blake Wheeler wins face-off versus Oleg Kvasha in neutral zone.
16:22 of 2nd period - Blake Wheeler is hit by Jason Pominville.
16:36 of 2nd period - Snap shot by Marcus Nilson.
16:36 of 2nd period - Shot Blocked by Jack Johnson.
16:48 of 2nd period - Richard Zednik is hit by Jason Ward and loses puck.
17:10 of 2nd period - Slapshot by Mike Comrie.
17:10 of 2nd period - Shot Misses the Net.
17:14 of 2nd period - Slapshot by Drew Doughty.
17:14 of 2nd period - Shot Misses the Net.
17:50 of 2nd period - Jack Johnson is hit by Wade Redden and loses puck.
18:39 of 2nd period - Wrist shot by Mike Comrie.
18:39 of 2nd period - Shot Blocked by Wade Redden.
18:45 of 2nd period - Slapshot by Mike Comrie.
18:45 of 2nd period - Stopped by Miika Kiprusoff with a rebound.
18:55 of 2nd period - Jan Bulis is hit by Oleg Kvasha and loses puck.
19:18 of 2nd period - Wrist shot by Andrew Ladd.
19:18 of 2nd period - Stopped by Miika Kiprusoff with a rebound.
19:20 of 2nd period - Snap shot by Brian Campbell.
19:20 of 2nd period - Stopped by Miika Kiprusoff without a rebound.
19:21 of 2nd period - Oleg Kvasha wins face-off versus Marc Savard in Blue Jackets zone.
19:32 of 2nd period - Snap shot by Oleg Kvasha.
19:32 of 2nd period - Shot Blocked by Marc Savard.
19:58 of 2nd period - Slapshot by Ladislav Nagy.
19:58 of 2nd period - Stopped by Marty Turco with a rebound.
3rd period
0:01 of 3rd period - Marc Savard wins face-off versus Oleg Kvasha in neutral zone.
0:03 of 3rd period - Off-side.
0:04 of 3rd period - Marc Savard wins face-off versus Oleg Kvasha in neutral zone.
0:26 of 3rd period - Icing by Jack Johnson.
0:27 of 3rd period - Mike Comrie wins face-off versus Jan Bulis in Avalanche zone.
0:52 of 3rd period - Mike Comrie is hit by Derek Morris and loses puck.
1:18 of 3rd period - Icing by Brian Campbell.
1:19 of 3rd period - Oleg Kvasha wins face-off versus Marc Savard in Avalanche zone.
1:19 of 3rd period - Oleg Kvasha is hit by Pavel Bure.
1:29 of 3rd period - Backhand shot by Jason Pominville.
1:29 of 3rd period - Shot Blocked by Marc Savard.
1:31 of 3rd period - Snap shot by Oleg Kvasha.
1:31 of 3rd period - Deflect By Marc Savard.
1:31 of 3rd period - Goal by Oleg Kvasha - Avalanche : 1 - Blue Jackets : 4.
1:32 of 3rd period - Marc Savard wins face-off versus Jason Pominville in neutral zone.
1:59 of 3rd period - Corey Perry is hit by Jan Bulis and loses puck.
2:06 of 3rd period - Snap shot by Jan Bulis.
2:06 of 3rd period - Stopped by Marty Turco without a rebound.
2:07 of 3rd period - Mike Comrie wins face-off versus Marc Savard in Avalanche zone.
2:14 of 3rd period - Snap shot by Corey Perry.
2:14 of 3rd period - Shot Blocked by Kevin Bieksa.
2:35 of 3rd period - Icing by Jan Bulis.
2:36 of 3rd period - Oleg Kvasha wins face-off versus Jan Bulis in Blue Jackets zone.
2:37 of 3rd period - Slapshot by Ryan Smyth.
2:37 of 3rd period - Shot Misses the Net.
2:39 of 3rd period - Snap shot by Ryan Smyth.
2:39 of 3rd period - Stopped by Miika Kiprusoff with a rebound.
2:41 of 3rd period - Slapshot by Jason Pominville.
2:41 of 3rd period - Stopped by Miika Kiprusoff with a rebound.
2:43 of 3rd period - Wrist shot by Oleg Kvasha.
2:43 of 3rd period - Stopped by Miika Kiprusoff with a rebound.
2:45 of 3rd period - Slapshot by Jason Pominville.
2:45 of 3rd period - Stopped by Miika Kiprusoff with a rebound.
2:47 of 3rd period - Snap shot by Oleg Kvasha.
2:47 of 3rd period - Deflect By Jason Pominville.
2:47 of 3rd period - Shot Blocked by Kevin Bieksa.
2:47 of 3rd period - Puck is out of play.
2:48 of 3rd period - Marc Savard wins face-off versus Oleg Kvasha in Blue Jackets zone.
2:59 of 3rd period - Minor Penalty to Marc Savard for Hooking.
3:00 of 3rd period - Jason Ward wins face-off versus Oleg Kvasha in Blue Jackets zone.
3:13 of 3rd period - Snap shot by Jason Pominville.
3:13 of 3rd period - Stopped by Miika Kiprusoff without a rebound.
3:14 of 3rd period - Jason Ward wins face-off versus Oleg Kvasha in Blue Jackets zone.
3:25 of 3rd period - Wade Redden is hit by Oleg Kvasha and loses puck.
4:23 of 3rd period - Icing by Oleg Kvasha.
4:24 of 3rd period - Pavel Bure wins face-off versus Oleg Kvasha in Avalanche zone.
4:59 of 3rd period - Penalty to Marc Savard is over, Marc Savard is back on ice.
5:00 of 3rd period - Icing by Brian Campbell.
5:01 of 3rd period - Jan Bulis wins face-off versus Oleg Kvasha in Avalanche zone.
5:52 of 3rd period - Snap shot by Andrew Ebbett.
5:52 of 3rd period - Stopped by Marty Turco with a rebound.
5:54 of 3rd period - Snap shot by Ladislav Nagy.
5:54 of 3rd period - Shot Misses the Net.
6:10 of 3rd period - Richard Zednik is hit by Marc Savard and loses puck.
7:00 of 3rd period - Minor Penalty to Bryan Little for Hooking.
7:01 of 3rd period - Marc Savard wins face-off versus Mike Comrie in Avalanche zone.
7:31 of 3rd period - Wrist shot by Wade Redden.
7:31 of 3rd period - Stopped by Marty Turco with a rebound.
9:00 of 3rd period - Penalty to Bryan Little is over, Bryan Little is back on ice.
9:09 of 3rd period - Snap shot by Dave Steckel.
9:09 of 3rd period - Shot Blocked by Jason Pominville.
9:11 of 3rd period - Slapshot by Shaone Morrisonn.
9:11 of 3rd period - Shot Blocked by Shane O'Brien.
9:13 of 3rd period - Wrist shot by Tomas Kurka.
9:13 of 3rd period - Shot Misses the Net.
9:15 of 3rd period - Slapshot by Shaone Morrisonn.
9:15 of 3rd period - Shot Blocked by Dave Tanabe.
9:17 of 3rd period - Wrist shot by Adam Deadmarsh.
9:17 of 3rd period - Stopped by Marty Turco without a rebound.
9:18 of 3rd period - Bryan Little wins face-off versus Andrew Ebbett in Avalanche zone.
9:18 of 3rd period - Bryan Little is hit by Shaone Morrisonn.
9:34 of 3rd period - Wrist shot by Bryan Little.
9:34 of 3rd period - Shot Misses the Net.
9:44 of 3rd period - A.J Thelen is hit by Ryan Smyth and loses puck.
9:57 of 3rd period - Oleg Kvasha is hit by Shaone Morrisonn and loses puck.
10:11 of 3rd period - Wrist shot by Adam Deadmarsh.
10:11 of 3rd period - Deflect By Tomas Kurka.
10:11 of 3rd period - Shot Misses the Net.
10:11 of 3rd period - Puck is out of play.
10:12 of 3rd period - Mike Comrie wins face-off versus Marc Savard in Avalanche zone.
10:56 of 3rd period - Off-side.
10:57 of 3rd period - Andrew Ebbett wins face-off versus Bryan Little in neutral zone.
11:15 of 3rd period - Minor Penalty to Bryan Little for Hooking.
11:16 of 3rd period - Marc Savard wins face-off versus Mike Comrie in Avalanche zone.
11:41 of 3rd period - Marcus Nilson is hit by Andrew Ladd and loses puck.
11:49 of 3rd period - Minor Penalty to Marcus Nilson for Hooking.
11:50 of 3rd period - Marc Savard wins face-off versus Oleg Kvasha in Blue Jackets zone.
12:05 of 3rd period - Wrist shot by Jason Pominville.
12:05 of 3rd period - Stopped by Miika Kiprusoff with a rebound.
12:37 of 3rd period - Minor Penalty to David Booth for Tripping.
12:38 of 3rd period - Oleg Kvasha wins face-off versus Marc Savard in Blue Jackets zone.
12:39 of 3rd period - Snap shot by Jason Pominville.
12:39 of 3rd period - Shot Blocked by Marc Savard.
13:15 of 3rd period - Penalty to Bryan Little is over, Bryan Little is back on ice.
13:17 of 3rd period - Wrist shot by Pavel Bure.
13:17 of 3rd period - Shot Misses the Net.
13:19 of 3rd period - Slapshot by Branislav Mezei.
13:19 of 3rd period - Stopped by Marty Turco without a rebound.
13:20 of 3rd period - Marc Savard wins face-off versus Bryan Little in Avalanche zone.
13:49 of 3rd period - Penalty to Marcus Nilson is over, Marcus Nilson is back on ice.
14:37 of 3rd period - Penalty to David Booth is over, David Booth is back on ice.
14:41 of 3rd period - Minor Penalty to Maxim Talbot for Holding.
14:42 of 3rd period - Mike Comrie wins face-off versus Blake Wheeler in Avalanche zone.
15:07 of 3rd period - Marc Staal is hit by Wade Redden.
16:19 of 3rd period - Shane O'Brien is hit by Kevin Bieksa and loses puck.
16:33 of 3rd period - Icing by Blake Wheeler.
16:34 of 3rd period - Jan Bulis wins face-off versus Oleg Kvasha in Blue Jackets zone.
16:41 of 3rd period - Penalty to Maxim Talbot is over, Maxim Talbot is back on ice.
16:47 of 3rd period - Slapshot by A.J Thelen.
16:47 of 3rd period - Shot Blocked by Drew Doughty.
16:53 of 3rd period - Snap shot by Maxim Talbot.
16:53 of 3rd period - Shot Misses the Net.
16:57 of 3rd period - Snap shot by Oleg Kvasha.
16:57 of 3rd period - Stopped by Miika Kiprusoff without a rebound.
16:58 of 3rd period - Mike Comrie wins face-off versus Dave Steckel in Blue Jackets zone.
17:07 of 3rd period - Corey Perry is hit by Tomas Kurka and loses puck.
17:32 of 3rd period - Slapshot by Jack Johnson.
17:32 of 3rd period - Stopped by Miika Kiprusoff with a rebound.
17:43 of 3rd period - Off-side.
17:44 of 3rd period - Richard Zednik wins face-off versus Marc Savard in neutral zone.
17:51 of 3rd period - Snap shot by Matt Moulson.
17:51 of 3rd period - Shot Misses the Net.
17:59 of 3rd period - Slapshot by Shane O'Brien.
17:59 of 3rd period - Shot Misses the Net.
18:11 of 3rd period - Snap shot by Ryan Smyth.
18:11 of 3rd period - Deflect By Jan Bulis.
18:11 of 3rd period - Shot Blocked by Wade Redden.
18:11 of 3rd period - Puck is out of play.
18:12 of 3rd period - Jan Bulis wins face-off versus Oleg Kvasha in Blue Jackets zone.
18:12 of 3rd period - Marcus Nilson is hit by Marc Staal and loses puck.
18:58 of 3rd period - Snap shot by Chuck Kobasew.
18:58 of 3rd period - Deflect By Andrew Ladd.
18:58 of 3rd period - Shot Misses the Net.
18:58 of 3rd period - Puck is out of play.
18:59 of 3rd period - Andrew Ebbett wins face-off versus Maxim Talbot in Blue Jackets zone.
18:59 of 3rd period - Andrew Ebbett is hit by Chuck Kobasew.
19:16 of 3rd period - Minor Penalty to Andrew Ebbett for Roughing.
19:17 of 3rd period - Marc Savard wins face-off versus Oleg Kvasha in Blue Jackets zone.
19:17 of 3rd period - Marc Savard is hit by Brian Campbell.
19:53 of 3rd period - Snap shot by Corey Perry.
19:53 of 3rd period - Goal by Corey Perry - Avalanche : 2 - Blue Jackets : 4.
19:54 of 3rd period - Andrew Ebbett wins face-off versus Maxim Talbot in neutral zone.
Output by the SimonT Hockey Simulator (STHS) for François Prévost -- Original Page W3C XHTML 1.0 Valid